 Dungeon Crawl Stone Soup version bcrawl-1.12-11-gb93c957c58 (console) character file.

Game seed: 18128751554544433416

737 CALLOUS the Skirmisher (level 7, 0/48 HPs)
             Began as a Gargoyle Arcane Marksman on June 20, 2019.
             Slain by an ice beast (10 damage)
             ... on level 5 of the Dungeon on June 24, 2019.
             The game lasted 02:08:12 (7663 turns).

CALLOUS the Skirmisher (Gargoyle Arcane Marksman)   Turns: 7663, Time: 02:08:13

Health: 0/48       AC: 14    Str: 16    XL:     7   Next: 75%
Magic:  10/10      EV:  9    Int: 13    God:
Gold:   226        SH:  0    Dex: 10    Spells: 7/10 levels left

rFire    . . .     SeeInvis .   a - +0 dagger (elec)
rCold    . . .     Gourm    .   (no shield)
rNeg     + . .     Faith    .   Q - +0 scale mail
rPois    ∞         Spirit   .   (no helmet)
rElec    +         Reflect  .   (no cloak)
rCorr    .         Harm     .   x - +0 pair of gloves
MR       .....                  n - +0 pair of boots
Stlth    +.........             (no amulet)
HPRegen  0.16/turn              N - ring of flight
MPRegen  0.12/turn              (no ring)

@: starving
A: negative energy resistance 1, electricity resistance, unbreathing,
petrification resistance, rot immunity, AC +4
a: Evoke Flight


You were on level 5 of the Dungeon.
You were starving.

You visited 1 branch of the dungeon, and saw 5 of its levels.
You also visited: Sewer.

You collected 226 gold pieces.

Inventory:

Hand Weapons
 a - a +0 dagger of electrocution (weapon)
 m - a +0 shortbow
 z - a +2 hunting sling of velocity
 J - a +2 spear of pain
 P - a +2 spear of freezing
Missiles
 e - 309 arrows
 h - 542 stones (quivered)
 j - 206 sling bullets
 L - 122 poisoned needles
Armour
 n - a +0 pair of boots (worn)
 x - a +0 pair of gloves (worn)
 A - a +0 leather armour
 Q - a +0 scale mail (worn)
 R - a +0 shield
Jewellery
 G - an uncursed amulet of magic regeneration {unknown}
 N - a ring of flight (left hand)
Wands
 B - a wand of polymorph (3)
Scrolls
 i - 2 scrolls of teleportation
 o - a scroll of blinking
 C - 2 scrolls of fog
 D - 4 scrolls of fear {unknown}
 H - 2 scrolls of identify
 S - a scroll of amnesia {unknown}
 T - a scroll of remove curse
Potions
 g - 2 potions of cancellation {unknown}
 l - 4 potions of heal wounds {unknown}
 t - 2 potions of curing {unknown}
 u - a potion of berserk rage {unknown}
 v - a potion of invisibility {unknown}
 E - 3 potions of might {unknown}
 F - a potion of magic {unknown}
Comestibles
 f - 6 rations {!d}


   Skills:
 * Level 7.6 Fighting
 - Level 2.0 Bows
 * Level 3.6 Armour
 - Level 1.5 Dodging
 + Level 2.7 Stealth
 * Level 0.5 Shields
 - Level 2.0 Spellcasting
 - Level 2.6 Hexes


You had 7 spell levels left.
You knew the following spells:

 Your Spells              Type           Power        Failure   Level  Hunger
a - Corona                Hex            #......      28%         1    ##.....
b - Shackle               Hex            #.......     41%         2    ###....

Your spell library contained the following spells:

 Spells                   Type           Power        Failure   Level  Hunger
 False Image              Hex/Summ       #.......     83%         3    ####...
 Inner Flame              Hex/Fire       N/A          83%         3    ####...
 Cause Fear               Hex            #.........   96%         4    #####..
 Yara's Violent Unravell  Hex/Tmut       #.........   99%         4    #####..


Dungeon Overview and Level Annotations

Branches:
Dungeon (5/12)
 Temple: D:4-7

Altars:
Ashenzari
Kikubaaqudgha
Nemelex Xobeh
Okawaru
Uskayaw

Annotations:
D:2 3jDwandofacid(7), Jessica


Innate Abilities, Weirdness & Mutations

You are resistant to torment.
Your stone body is resilient. (AC +4)
You are immune to poison.
You resist negative energy. (rN+)
You are resistant to electric shocks. (rElec)
You can survive without breathing.
You are immune to petrification.
You are immune to rotting.


Message History

The ice beast hits you. The ice beast freezes you!
* * * LOW HITPOINT WARNING * * *
You hit the ice beast but do no damage.
The ice beast is heavily wounded.
The ice beast completely misses you.
You hit the ice beast.
The ice beast is heavily wounded.
The ice beast closely misses you.
You hit the ice beast but do no damage.
The ice beast is heavily wounded.
The ice beast closely misses you.
You closely miss the ice beast.
The ice beast is heavily wounded.
The ice beast hits you but does no damage.
You hit the ice beast but do no damage.
The ice beast is heavily wounded.
The ice beast hits you.
* * * LOW HITPOINT WARNING * * *
The ice beast freezes you!
You die...

#######
###############....[.
#........#....'......
#........#....#......
#........#....#......
#........#....#......
##.......#....#......
##..@....#....#......
#..Y.....#...)'......
##.......##...#......
#.#############......
.######........#....#...)..
......##.......#....#......
...............'....'......
...............##...#......
#..............##...#......
#...............'...#......
############...##...#......


You could see an ice beast.

Vanquished Creatures
  A sky beast (D:4)
  A bullfrog (D:4)
  A gnoll sergeant (D:4)
  A howler monkey (D:5)
  A crimson imp (D:4)
  A bullfrog skeleton (D:3)
  Ijyb (D:3)
  2 worker ants (D:4)
  11 gnolls
  13 adders
  A river rat (Sewer)
  3 worms
  3 dart slugs
  3 leopard geckos
  8 orcs
  4 ball pythons
  4 bats
  2 giant cockroaches
  4 goblins
  10 hobgoblins
  7 jackals
  6 frilled lizards (Sewer)
  A jackal skeleton (D:5)
  9 kobolds
  16 rats
114 creatures vanquished.

Notes
Turn   | Place    | Note
-------+----------+-------------------------------------------
     0 | D:1      | CALLOUS the Gargoyle Arcane Marksman began the quest for
                  | the Orb.
     0 | D:1      | Reached XP level 1. HP: 12/12 MP: 3/3
    54 | D:1      | Found a shattered altar of Ashenzari.
   323 | D:1      | Reached skill level 1 in Armour
   351 | D:1      | Reached XP level 2. HP: 2/17 MP: 5/5
   360 | D:1      | Learned a level 2 spell: Shackle
   754 | D:1      | Reached skill level 2 in Fighting
  2250 | D:2      | Reached XP level 3. HP: 22/22 MP: 3/6
  2516 | D:2      | Noticed Jessica
  3319 | D:3      | Reached skill level 1 in Stealth
  3399 | D:3      | Reached skill level 3 in Fighting
  3403 | D:3      | Reached XP level 4. HP: 28/28 MP: 7/7
  3573 | D:3      | Noticed Ijyb
  3627 | D:3      | Killed Ijyb
  3632 | D:3      | Upgraded the game from bcrawl-1.12-10-g10a67aac0f to
                  | bcrawl-1.12-11-gb93c957c58
  3666 | D:3      | Found a glowing drain.
  3687 | D:3      | Reached XP level 5. HP: 21/33 MP: 1/8
  3694 | D:3      | Reached skill level 4 in Fighting
  3844 | Sewer    | Entered a sewer
  4287 | D:3      | Found a hide-covered altar of Uskayaw.
  4810 | D:3      | Reached skill level 5 in Fighting
  4979 | D:3      | Found a sparkling altar of Nemelex Xobeh.
  5110 | D:3      | Reached XP level 6. HP: 32/40 MP: 9/9
  5167 | D:3      | Found an iron altar of Okawaru.
  5772 | D:4      | Noticed a sky beast
  6110 | D:4      | Reached skill level 6 in Fighting
  6245 | D:4      | Reached XP level 7. HP: 46/46 MP: 8/10
  6569 | D:4      | Reached skill level 7 in Fighting
  7130 | D:4      | Found an ancient bone altar of Kikubaaqudgha.
  7255 | D:5      | Entered Level 5 of the Dungeon
  7663 | D:5      | Slain by an ice beast

Skill      XL: |  1  2  3  4  5  6  7 |
---------------+----------------------+-----
Armour         | 1 2 3 |  3.6
Fighting       | 2 3 5 6 7 |  7.6
Stealth        | 1 2 |  2.7
Bows           | |  2.0
Dodging        | |  1.5
Shields        | |  0.5
Spellcasting   | |  2.0
Hexes          | |  2.6

Action                   |  1- 3 |  4- 6 |  7- 9 || total
-------------------------+-------+-------+-------++-------
Melee: Dagger            |    18 |    81 |    49 ||   148
       Short sword       |    54 |    17 |       ||    71
       Spear             |       |       |     4 ||     4
 Fire: Shortbow          |   100 |    62 |     4 ||   166
       Hunting sling     |       |    98 |    43 ||   141
Throw: Stone             |    34 |    11 |     1 ||    46
 Cast: Corona            |    15 |    11 |       ||    26
       Shackle           |    33 |    47 |    19 ||    99
  Use: Scroll            |       |     6 |       ||     6
  Eat: Chunk             |     9 |    15 |     4 ||    28
Armor: Robe              |    37 |    23 |       ||    60
       Leather armour    |       |    53 |    28 ||    81
       Scale mail        |       |       |    25 ||    25
Dodge: Dodged            |    60 |    90 |    41 ||   191
